Cogmind - Beta 15 @@@ ROGUE MODE // 2025.07.22 @ 14:59:02 Player: amhumam Result: Destroyed by as-91204 with Assembled Maul Performance ------------- Evolutions (0) 0 Regions Visited (2) 400 Robots Destroyed (6) 30 Value Destroyed (223) 223 Prototype IDs (0) 0 Alien Tech Used (0) 0 Bonus (42) 42 TOTAL SCORE: 695 Bonus ------- Follower Combat Kills 42 Cogmind --------- Core Integrity 0/250 Matter 251/300 Energy 265/265 System Corruption 2% Temperature Warm (112) Movement Core (500) Ox9 Location -10/Mines Parts ------- > --- POWER (1) -------- Improved Ion Engine > --- PROPULSION (2) --- (None) > --- UTILITY (2) ------ Large Storage Unit > --- WEAPON (2) ------- Medium Laser > --- INVENTORY (15) --- Light Ion Engine Light Treads Heat Sink Heat Sink Improved Heat Sink Small Storage Unit Cargo Storage Unit Small Laser Peak State ------------ > --- POWER ------------ Light Ion Engine > --- PROPULSION ------- Light Treads Light Treads > --- UTILITY ---------- Large Storage Unit Light Armor Plating > --- WEAPON ----------- Medium Laser Assault Rifle > --- INVENTORY -------- Light Ion Engine Wheel Wheel Small Storage Unit Cargo Storage Unit Medium Laser Enhanced Flamer [Rating: 8] Favorites ----------- Power Light Ion Engine Engine Light Ion Engine Propulsion Light Treads Treads Light Treads Wheel Wheel Utility Large Storage Unit Storage Large Storage Unit Protection Light Armor Plating Weapon Medium Laser Energy Gun Medium Laser Ballistic Gun Assault Rifle Special Weapon Enhanced Flamer Build | -11 -10 -10 ------- Run | Yrd Mat Min Slots Evolved . | . . . Power . | . . . Propulsion . | . . . Utility . | . . . Weapon . | . . . Parts Attached 15 | 6 2 7 Power 2 | 1 . 1 Engine 2 | 1 . 1 Core . | . . . Reactor . | . . . Propulsion 5 | 2 . 3 Treads 3 | 2 . 1 Leg . | . . . Wheel 2 | . . 2 Hover . | . . . Flight . | . . . Utility 3 | 1 2 . Device . | . . . Storage 2 | 1 1 . Processor . | . . . Hackware . | . . . Protection 1 | . 1 . Artifact . | . . . Weapon 5 | 2 . 3 Energy Gun 2 | 1 . 1 Energy Cannon . | . . . Ballistic Gun 1 | 1 . . Ballistic Cannon . | . . . Launcher . | . . . Special Weapon 2 | . . 2 Impact Weapon . | . . . Slashing Weapon . | . . . Piercing Weapon . | . . . Special Melee Weapon . | . . . Unidentified Prototypes . | . . . Parts Lost 9 | . . 9 Power 1 | . . 1 Propulsion 4 | . . 4 Utility 1 | . . 1 Weapon 3 | . . 3 Highest Loss Streak 7 | . . 7 To Critical Strikes . | . . . Average Backups 7 | 1 5 9 Power 1 | . 1 1 Propulsion 2 | . 2 2 Utility 2 | . 1 3 Weapon 1 | . 1 2 Tool/Special . | . . . Unused Backups 6 | . . 6 Power 1 | . . 1 Propulsion . | . . . Utility 4 | . . 4 Weapon 1 | . . 1 Tool/Special . | . . . Average Slot Usage (%) 95 | . 96 95 Engine 13 | . 14 13 Treads 26 | . 28 25 Storage 14 | . 14 14 Protection 12 | . 10 12 Energy Gun 14 | . 14 14 Ballistic Gun 12 | . 14 12 Peak Build Rating 8 | 6 7 8 Average Rating 7 | 4 6 7 On Entrance 4 | . 6 7 Naked Turns . | . . . Heaviest Build 31 | 12 30 31 Greatest Support 40 | 40 40 40 Greatest Overweight (x) 1 | . . 1 Average Overweight (x) . | . . . Largest Inventory Capacity 15 | 8 15 15 Average Capacity 13 | 7 9 15 Most Carried 15 | 4 7 15 Average Carried 8 | 1 5 10 Final Capacity 15 | 8 15 15 Final Carried 9 | 4 7 9 Class Distribution -------------------- 100% | Mutant Dominant Class ---------------- Mutant | -10/Materials Mutant | -10/Mines Resources | -11 -10 -10 ----------- Run | Yrd Mat Min Matter Collected 334 | 188 79 67 Remotely . | . . . Salvage Created 207 | . . 207 Parts 11 | . . 11 Haulers Intercepted . | . . . Recyclers Shooed . | . . . Parts Field Recycled . | . . . Retrieved Matter . | . . . Parts Self-Destructed . | . . . Prevented . | . . . Kills | -11 -10 -10 ------- Run | Yrd Mat Min Combat Hostiles Destroyed 7 | . . 7 Guns 6 | . . 6 Classes Destroyed 5 | . . 5 Swarmer 1 | . . 1 Grunt 3 | . . 3 Sentry 1 | . . 1 Demolisher 1 | . . 1 Assembled 1 | . . 1 Best Kill Streak 3 | . . 3 Combat Bots Only 3 | . . 3 Max Kills in Single Turn 1 | . . 1 Gunslinging . | . . . Exploded . | . . . Melee . | . . . Uniques/NPCs Destroyed . | . . . Combat | -11 -10 -10 -------- Run | Yrd Mat Min Hostile Shots Fired 62 | . . 62 Missed 12 | . . 12 Hits 50 | . . 50 Melee 18 | . . 18 Projectile 32 | . . 32 AOE 6 | . . 6 Critical Strikes 1 | . . 1 Part Disruptions 1 | . . 1 Damage Taken 1112 | . . 1112 Core 251 | . . 251 Absorbed by Shields . | . . . Core Remaining (%) 100 | 100 . . Volleys Fired 26 | . . 26 Largest 2 | . . 2 Hottest 100 | . . 100 Shots Fired 48 | . . 48 Gun 45 | . . 45 Cannon . | . . . Launcher . | . . . Special 3 | . . 3 Kinetic 18 | . . 18 Thermal 30 | . . 30 Explosive . | . . . Electromagnetic . | . . . Robot Hit Streak 5 | . . 5 Robot Miss Streak 7 | . . 7 Penetration Max . | . . . Secondary Targets . | . . . Shots Hit Robots 23 | . . 23 Core Hits 15 | . . 15 Critical Kills . | . . . Critical Parts Destroyed . | . . . Critical Strikes 2 | . . 2 Burn 2 | . . 2 Melee Attacks . | . . . Impact . | . . . Slashing . | . . . Piercing . | . . . Sneak Attacks . | . . . Combat Hostiles . | . . . Follow-up Attacks . | . . . Damage Inflicted 346 | . . 346 Guns 335 | . . 335 Cannons . | . . . Explosions . | . . . Melee . | . . . Ramming . | . . . Kinetic 158 | . . 158 Thermal 188 | . . 188 Explosive . | . . . Electromagnetic . | . . . Impact . | . . . Slashing . | . . . Piercing . | . . . Highest Corruption 2 | . . 2 Average Corruption 2 | . . 2 Corruption Purged . | . . . Corruption Blocked . | . . . Overload Shots . | . . . Overflow Damage . | . . . Projectiles . | . . . Explosions . | . . . Melee . | . . . Knockbacks . | . . . Impact . | . . . Kinetic . | . . . Secondary . | . . . Self-Inflicted Damage . | . . . Shots . | . . . Rammed . | . . . Targets Rammed . | . . . Kicked . | . . . Crushed . | . . . Highest Temperature 126 | . . 126 Average Temperature 39 | . . 39 Received Heat Transfer 125 | . . 125 Siege Activations . | . . . Martial Activations . | . . . Shielding Activations . | . . . Robots Disrupted . | . . . Combat Hostiles . | . . . Robots Corrupted . | . . . Combat Hostiles . | . . . Parts Fried . | . . . Impact Corruptions . | . . . Robots Melted 1 | . . 1 Combat Hostiles 1 | . . 1 Parts Melted 3 | . . 3 Heat Transferred 746 | . . 746 Parts Sabotaged . | . . . Parts Stolen . | . . . Parts Stripped . | . . . Power Chain Reactions . | . . . Alert | -11 -10 -10 ------- Run | Yrd Mat Min Maximum Alert Level . | . . . Low Security (%) 100 | 100 100 100 Level 1 . | . . . Level 2 . | . . . Level 3 . | . . . Level 4 . | . . . Level 5 . | . . . High Security . | . . . Max Security . | . . . Peak Influence 84 | . 30 84 Initial 10 | . . 10 Average 21 | . 14 25 Influence Increases 286 | . 57 229 Destroy 0b10 Robot/C 160 | . . 160 Destroy Leader 30 | . . 30 Allied During Kill 24 | . . 24 Successful Hack 27 | . 27 . Select Force Hacks 30 | . 30 . Lose Combat Pursuer 15 | . . 15 Influence Decreases 286 | . 30 256 Entered New Map 17 | . . 17 Time Decay 178 | . 30 148 Lost Part 70 | . . 70 Lost Ally 21 | . . 21 Squads Dispatched 1 | . 1 . Investigation 1 | . 1 . Extermination . | . . . Reinforcement . | . . . Assault . | . . . Garrison . | . . . Intercept . | . . . Searches Triggered . | . . . Construction Impeded . | . . . Haulers Reinforced . | . . . Active Scanning Responses . | . . . Cargo Convoy Interrupts . | . . . Stealth | -11 -10 -10 --------- Run | Yrd Mat Min Distress Signals . | . . . Communications Jammed . | . . . Distress Signals . | . . . Times Spotted 18 | . . 18 Peak Tracking Total 4 | . . 4 Tactical Retreats 2 | . . 2 Traps | -11 -10 -10 ------- Run | Yrd Mat Min Traps Triggered . | . . . Indirectly . | . . . Trap Hack Attempts . | . . . Triggered . | . . . Disarmed . | . . . Reprogrammed . | . . . Reused . | . . . Traps Extracted . | . . . Installed . | . . . Triggered . | . . . Machines | -11 -10 -10 ---------- Run | Yrd Mat Min Machines Disabled . | . . . Max in Single Turn . | . . . Machines Repaired . | . . . Machines Dismantled . | . . . Machines Sabotaged . | . . . Overloaded Fab Kills . | . . . Hacking | -11 -10 -10 --------- Run | Yrd Mat Min Machines Accessed 3 | . 3 . Terminals 2 | . 2 . Fabricators . | . . . Repair Stations . | . . . Recycling Units 1 | . 1 . Scanalyzers . | . . . Garrison Access . | . . . Total Hacks 9 | . 9 . Successful 5 | . 5 . Failed 4 | . 4 . Catastrophic . | . . . Database Lockouts . | . . . Manual 7 | . 7 . Terminals 8 | . 8 . Fabricators . | . . . Repair Stations . | . . . Recycling Units 1 | . 1 . Scanalyzers . | . . . Garrison Access . | . . . Terminal Hacks 4 | . 4 . Part Schematic 1 | . 1 . Robot Analysis 1 | . 1 . Branch Access Points 1 | . 1 . Registered Components 1 | . 1 . Fabricator Hacks . | . . . Repair Station Hacks . | . . . Recycling Unit Hacks . | . . . Scanalyzer . | . . . Garrison Access Hacks . | . . . Unauthorized Hacks 1 | . 1 . Terminals . | . . . Fabricators . | . . . Repair Stations . | . . . Recycling Units 1 | . 1 . Tunnel 1 | . 1 . Scanalyzers . | . . . Garrison Access . | . . . Data Cores Recovered . | . . . Used . | . . . Hacking Detections 2 | . 2 . Full Trace Events . | . . . Feedback Events . | . . . Feedback Blocked . | . . . Robot Schematics Acquired . | . . . Robots Built . | . . . Authchips . | . . . Time . | . . . Total Robot Build Rating . | . . . Part Schematics Acquired 1 | . 1 . Parts Built . | . . . Authchips . | . . . Time . | . . . Total Part Build Rating . | . . . Parts Repaired . | . . . Time . | . . . Parts Recycled . | . . . Recycled Matter . | . . . Retrieved Matter . | . . . Retrieved Components . | . . . Parts Scanalyzed . | . . . Part Schematics Acquired . | . . . Parts Damaged . | . . . Bothacking | -11 -10 -10 ------------ Run | Yrd Mat Min Used RIF Installer . | . . . Robots Hacked . | . . . Non-combat . | . . . Combat . | . . . Robot Hacks Applied . | . . . Relay Couplers Released . | . . . Fabnet Peak Effective % . | . . . Robots Rewired . | . . . Allies Hacked . | . . . Hacks Repelled . | . . . Allies | -11 -10 -10 -------- Run | Yrd Mat Min Total Allies 3 | . . 3 Largest Group 3 | . . 3 Highest-Rated Group 40 | . . 40 Highest-Rated Ally 16 | . . 16 Total Orders . | . . . Ally Attacks 39 | . . 39 Total Damage 456 | . . 456 Kills 5 | . . 5 Allies Corrupted . | . . . Allies Melted . | . . . Intel | -11 -10 -10 ------- Run | Yrd Mat Min Active Infowar (turns) . | . . . Robot Analysis Total 1 | . 1 . Derelict Logs Recovered 1 | . . 1 Drone Launches . | . . . Drone Recoveries . | . . . Exploration | -11 -10 -10 ------------- Run | Yrd Mat Min Turns Passed 824 | 89 78 657 Spaces Moved 441 | 50 47 344 Core 3 | 3 . . Treads 436 | 47 47 342 Legs . | . . . Wheels 2 | . . 2 Hover . | . . . Flight . | . . . Fastest Speed 50 | 50 160 95 Average Speed 161 | 153 160 162 Slowest Speed 240 | 160 160 240 Overloaded Moves . | . . . Propulsion Burnouts . | . . . Robots Hopped . | . . . Potential Cave-ins . | . . . Cave-ins Triggered . | . . . Exploration Rate (%) 29 | 6 14 68 Regions Visited 2 Branch Regions 1 Pre-discovered Areas 1 | . 1 . Known Exits Taken 1 | . 1 . Unknown Exits Taken 1 | 1 . . Scrap Searched 1 | . . 1 Spaces Dug . | . . . Terrain Destroyed . | . . . Melee . | . . . Projectile . | . . . AOE . | . . . Terrain Rammed . | . . . Walls Destroyed . | . . . Machines Disabled . | . . . Actions | -11 -10 -10 --------- Run | Yrd Mat Min Total 497 | 59 49 389 Wait 2 | . . 2 Move 439 | 49 46 344 Hop . | . . . Pick Up 13 | 4 1 8 Fast Attach 7 | 6 1 . Attach 6 | . . 6 Detach . | . . . Swap 4 | . 1 3 Drop . | . . . Fire 26 | . . 26 Melee . | . . . Ram . | . . . Kick . | . . . Crush . | . . . Escape Stasis . | . . . Rewire . | . . . Trap . | . . . Miscellaneous . | . . . Route ------- -11/Scrapyard -10/Materials (discovered 2 exits: *Min x2) -10/Mines (discovered 2 exits: [*Mat x2]) History --------- Turn | Location | Event 2 | -11/Scrapyard | Met Revision 17 59 | -11/Scrapyard | Discovered new exit (range 16) 90 | -11/Scrapyard | Entered Materials 141 | -10/Materials | Identified exit to Mines 168 | -10/Materials | Entered Mines 175 | -10/Mines | Discovered new exit (range 15) 212 | -10/Mines | A weapon hastily lodged in a ceiling crevice suddenly fell to the ground 305 | -10/Mines | Build established: Mutant 363 | -10/Mines | Assisted by bots powering up and referring to "LRC-V3" 531 | -10/Mines | Learned location of 1 exit from Materials 531 | -10/Mines | Joined a pair of Derelicts in attacking an 0b10 outpost 721 | -10/Mines | Assembled infested the area 726 | -10/Mines | Discovered new exit (range 7) 796 | -10/Mines | Lost 7 parts (1p2n1u3w) 819 | -10/Mines | Core integrity fell below 50% 823 | -10/Mines | Core integrity fell below 20% 825 | -10/Mines | Destroyed by as-91204 with Assembled Maul Last Messages --------------- 00765_ Mining Laser destroyed. 00768_ as-53618 suffers critical hit (Burn). 00770_ as-69499 destroyed. 00772_ as-53618 destroyed. 00772_ Acquired 10 matter. 00777_ Acquired 7 matter. 00777_ Trooper 1b suffers critical hit (Burn). 00778_ Trooper 1b overheating. 00780_ Trooper 1b destroyed. 00785_ Destroyed Asb. F-torch. 00793_ Trooper 1a shuts down. 00805_ Trooper 1a destroyed. 00819_ Wheel destroyed. 00819_ System corrupted by crushing effect (+2). 00819_ as-91204 sneak attacks. 00819_ U-05 Engineer system corrupted by crushing effect. 00819_ Med. Laser severed. 00824_ as-51747 destroyed. 00824_ Wheel destroyed. Map ----- +----------------------------------------------------+ | # ##??#% #??????????????????? | | #### ####??????????????????? | | ## % #?????????????????????? | | % #####?????????????????? | | = #?????????????????? | | %[ #?????????????????? | | ### ##### #?????????????????? | | ##?## ##??## #?????????????????? | | #???#####???# ##????????????????? | | #???????????# #????????????????? | | ##???????????## #####?????#??????? | | #????????????## #???? ##?????? | | ##????????????# ### #???# ##????? | | # #?????????????# ### #### #????? | | # #?????????????# # ## # #????? | | # #????????????# ## # ##???? | | # #??????????? # #???? | | #?????????? # # #???? | | ## #????????? ## # #????? | | ?# #????????# #?# # < #????? | | ?# #????????###??# # ##????? | | ?# #?????????????# ## #### ######?????? | | ?# ###???????????# ?### ####?????????? | | ?# #???????????# ###### ##??????????? | | ?### #???????????# %=% aa #??????????? | | ???# #???????????#% a@ #??????????? | | ???# #???? ###### ##??????????? | | #### #?# ## #????????###???????????? | | ## #????????????????????????????????? | | ## #????????????????????????????????? | | #????????????????????????????????? | | ####????????????????????????????????? | | #???????????????????????????????????? | | #???????????????????????????????????? | | ##????????????????????????????????????? | | ??????????????????????????????????????? | | | | | | | | | | | | | | | | | | | | | | | | | | | | | +----------------------------------------------------+ Best States ------------- Heat Dissipation 25 Energy Generation 12 Energy Capacity 265 Matter Stores 300 Matter Capacity 300 Sight Range 16 Terrain Scan Density 10 Armor Coverage 150 Evasion (%) 40 Recoil Reduction 2 Item Schematics ----------------- Lrg. Storage Unit | -10/Materials | Hacked Robot Schematics ------------------ None Fabricated ------------ Nothing Repaired ---------- Nothing Alien Tech Used ----------------- None Achievements -------------- None Challenges ------------ None Game ------ Seed ReactionDrainedComputer Manual? 0 Play Time 00:08:49 Cumulative 259.6 hours Start 2025.07.22 @ 14:52:00 End 2025.07.22 @ 14:59:02 Sessions 1 Manual Loads 0 Difficulty Rogue Special Mode None Game No. 233 Rogue 233 Adventurer 0 Explorer 0 Win Type - Total 1 Types 1/0/0/0/0/0/0/0/0/0 Lore% 77 Gallery% 64 Achievement% 55 Wizard Run 0 Options --------- Layout 1 ASCII 0 Keyboard 0 Movement Mouse Keybinds 0 Fullscreen 1 Font 24/Smallcaps Map View 50x35 Zoom Use 0% Tactical HUD 1 Map Filters NONE Filters NONE Steam 1 RUN: 26fe765d-f573-4f79-b38c-a93edcbb5e25